Map: Pillars of Gold LE

Players

CMactin

  • Race: Terran Terran
  • League: Diamond
  • Spawn Location: 1:00

Robosushi - Winner!

  • Race: Terran Terran
  • League: Platinum
  • Spawn Location: 7:00

VOD

Have the link to the VOD?

Description

Time

  • Played on: Jan. 1, 2021, 4:36 a.m.
  • Length: 31:16
Show
View Real Time Build Order
Export as new Build Order

CMactin Terran 

Build Orders:  

Get SALT Encoding   

  12  0:01  SCV  
  13  0:13  SCV  
  14  0:19  Supply Depot  
  14  0:25  SCV  
  15  0:28  Refinery  
  15  0:40  SCV  
  16  0:50  Barracks  
  16  0:52  SCV  
  17  0:58  Refinery  
  17  1:10  Supply Depot  
  17  1:12  SCV  
  18  1:24  SCV  
  19  1:38  Orbital Command  
  19  1:40  Reaper  
  20  1:59  Factory  
  20  2:03  SCV  
  21  2:12  Supply Depot  
  21  2:13  Reaper  
  22  2:16  SCV  
  23  2:28  SCV  
  24  2:40  SCV  
  24  2:44  Hellion  
  26  2:52  SCV  
  26  2:53  Command Center  
  26  2:56  Reaper  
  28  3:04  SCV  
  29  3:06  Starport  
  29  3:09  Hellion  
  31  3:16  SCV  
  32  3:25  Supply Depot  
  32  3:28  SCV  
  32  3:30  Barracks Tech Lab  
  32  3:32  Factory Tech Lab  
  32  3:34  Barracks Reactor  
  33  3:40  SCV  
  34  3:42  Medivac  
  36  3:50  Supply Depot  
  36  3:52  SCV  
  36  3:55  Cyclone  
  40  4:04  SCV  
  41  4:10  Marine x2  
  43  4:18  Starport Reactor  
  43  4:23  Starport Tech Lab  
  43  4:27  Marine  
  43  4:28  Marine  
  45  4:34  Barracks  
  45  4:36  Barracks  
  45  4:38  Orbital Command  
  45  4:43  SCV  
  46  4:45  Marine x2  
  46  5:12  SCV x2  
  48  5:15  Raven  
  48  5:17  Siege Tank  
  53  5:24  Barracks Reactor  
  53  5:26  Command Center, Barracks Reactor  
  40  6:03  Marine x6  
  46  6:15  SCV  
  46  6:16  SCV  
  48  6:21  Marine x4  
  48  6:22  Marine, Siege Tank  
  55  6:27  SCV  
  55  6:28  SCV  
  57  6:36  Marine  
  57  6:38  Marine  
  57  6:39  Marine, SCV  
  61  6:40  SCV  
  61  6:42  Medivac  
  64  6:51  SCV  
  64  6:52  SCV  
  66  6:54  Marine x3  
  69  7:02  Refinery  
  69  7:03  SCV  
  69  7:04  SCV  
  69  7:07  Engineering Bay x2  
  71  7:11  Orbital Command  
  71  7:12  Medivac  
  73  7:16  SCV x2  
  73  7:17  Marine  
  76  7:28  SCV x2  
  78  7:36  Terran Infantry Armor Level 1, Terran Infantry Weapons Level 1  
  78  7:40  SCV x2  
  78  7:42  Factory  
  80  7:44  Missile Turret  
  80  7:47  Missile Turret  
  80  7:48  Supply Depot  
  80  7:52  SCV, Supply Depot  
  80  7:53  SCV  
  80  7:55  Marine  
  80  7:58  Supply Depot  
  83  8:04  SCV  
  83  8:05  SCV  
  85  8:11  Missile Turret  
  83  8:15  Marine x6  
  83  8:16  SCV  
  83  8:17  SCV  
  91  8:22  Missile Turret  
  91  8:27  Viking  
  91  8:28  SCV  
  91  8:29  SCV  
  91  8:33  Marine x3  
  92  8:44  Marine x2  
  92  8:45  Marine  
  95  8:49  Refinery  
  95  8:50  Refinery  
  95  8:52  Missile Turret  
  95  8:53  Marine x2  
  95  8:54  Marine  
  98  9:02  Marine x3, SCV x2  
  100  9:06  Missile Turret  
  102  9:14  SCV x2  
  102  9:26  SCV x2  
  102  9:28  Marine x5  
  109  9:33  Marine  
  91  9:38  SCV x2  
  87  9:45  Marine, Siege Tank  
  87  9:46  Marine x4  
  87  9:50  SCV x2  
  87  9:51  Marine  
  96  9:55  Factory Tech Lab  
  95  10:02  SCV  
  95  10:03  Marine x2, SCV  
  95  10:04  Marine  
  91  10:15  Siege Tank, SCV x2  
  91  10:18  Siege Tank  
  99  10:24  Command Center  
  99  10:27  SCV x2  
  101  10:38  Marine x5  
  101  10:39  SCV  
  107  10:55  Refinery  
  107  10:56  Marine x2  
  109  11:05  Supply Depot x2  
  109  11:06  Supply Depot x2  
  109  11:17  Marine x5, Siege Tank, Starport  
  117  11:20  Armory  
  117  11:26  Medivac x2  
  117  11:28  SCV x3  
  124  11:34  Marine x5  
  124  11:36  Command Center  
  129  11:40  SCV x3  
  132  11:51  Stimpack  
  132  11:52  Marine x5  
  136  12:10  Marine x3  
  136  12:12  SCV x3  
  136  12:14  Medivac x3  
  136  12:15  SCV  
  149  12:21  Barracks  
  149  12:22  Barracks  
  149  12:23  Barracks  
  149  12:24  Factory, SCV  
  150  12:32  Orbital Command  
  150  12:44  Medivac  
  152  12:46  Marine x3  
  152  12:47  Marine x2  
  157  13:04  Marine x5, Orbital Command  
  158  13:09  Factory Tech Lab  
  158  13:11  Barracks Reactor  
  158  13:13  Barracks Reactor  
  152  13:21  Marine x2  
  152  13:22  Marine x3  
  142  13:39  Marine x2  
  142  13:40  Marine x3, Medivac x3  
  150  13:44  Orbital Command  
  146  13:53  SCV x4  
  150  13:57  Marine x2  
  150  13:58  Marine x3, Terran Vehicle Weapons Level 1  
  150  14:00  Terran Infantry Armor Level 2, Terran Infantry Weapons Level 2  
  155  14:03  Combat Shield  
  155  14:05  SCV x4  
  159  14:10  Medivac x2  
  159  14:15  Marine x3  
  159  14:16  Marine x2  
  168  14:17  SCV x4  
  165  14:29  SCV x2  
  167  14:33  Marine x3  
  162  14:46  Marine x2  
  162  14:50  Marine  
  162  14:51  Marine x2  
  167  15:04  Marine x2  
  167  15:06  Liberator x3  
  178  15:08  Marine  
  178  15:12  Marine  
  179  15:20  Marine  
  163  15:22  Marine x2  
  163  15:26  Marine  
  161  15:30  Marine  
  143  15:38  Marine  
  143  15:39  Marine  
  143  15:40  Marine  
  143  15:41  Siege Tank  
  144  15:44  Marine  
  144  15:48  Marine  
  144  15:49  Liberator  
  142  15:56  Marine  
  143  15:57  Marine x2  
  143  16:02  Marine  
  146  16:06  Marine  
  145  16:13  Siege Tank  
  145  16:14  Marine  
  145  16:15  Marine  
  150  16:24  Marine x3  
  153  16:31  Marine  
  154  16:33  Marine  
  155  16:42  Marine x3  
  155  16:44  Siege Tank  
  155  16:45  Siege Tank  
  164  16:49  Marine x4  
  164  16:50  Marine  
  164  16:51  Marine  
  170  17:00  Marine x3  
  173  17:07  Marine x5  
  175  17:09  Marine  
  176  17:16  Siege Tank  
  176  17:21  Marine x3, Siege Tank  
  179  17:40  Refinery  
  179  17:42  Refinery  
  179  17:43  Command Center  
  179  17:45  Command Center  
  179  18:13  Marine x2  
  179  18:14  Siege Tank  
  179  18:19  Marine  
  179  18:24  Supply Depot  
  179  18:26  Supply Depot  
  179  18:27  Marine, Supply Depot  
  179  18:28  Supply Depot  
  179  18:29  Supply Depot  
  179  18:31  Supply Depot x2  
  179  18:34  Supply Depot  
  179  18:36  Marine x3  
  179  18:39  Siege Tank  
  179  18:41  Marine x2, Siege Tank  
  178  18:46  Siege Tank  
  179  19:11  Siege Tank, Starport  
  179  19:13  Siege Tank, Starport  
  179  19:14  Starport  
  185  19:18  Siege Tank  
  188  19:33  Fusion Core  
  188  19:39  Refinery x2  
  188  19:43  Siege Tank  
  194  19:45  Siege Tank  
  190  20:19  Siege Tank x3  
  160  21:11  Starport Tech Lab x2  
  160  21:14  Starport Tech Lab  
  160  21:19  Marine x8  
  160  21:20  Marine x2, Command Center x2  
  160  21:21  Starport Tech Lab  
  169  21:36  Marine  
  169  21:37  Marine x8  
  169  21:38  Marine  
  139  21:54  Marine x3  
  139  21:55  Marine x7  
  149  22:12  Marine x4  
  149  22:13  Marine x4  
  151  22:21  Marine  
  149  22:23  Battlecruiser  
  149  22:26  Battlecruiser x2  
  149  22:27  Marine, Battlecruiser  
  173  22:30  Marine x2  
  173  22:58  Marine x7  
  165  22:59  Marine x3  
  165  23:05  SCV  
  155  23:06  Orbital Command  
  155  23:15  Marine  
  155  23:16  Marine x7  
  155  23:17  Marine x2  
  164  23:27  Battlecruiser  
  164  23:33  Marine  
  155  23:52  Marine x4  
  155  23:53  Marine x2  
  155  23:54  Battlecruiser x2  
  160  24:02  Marine x3  
  141  24:13  Marine x6  
  78  24:51  SCV x2  
  80  24:57  Command Center  
  80  25:00  Widow Mine, Marauder  
  80  25:01  Widow Mine x2  
  80  25:02  Command Center  
  80  25:03  SCV x2  
  90  25:15  SCV x2  
  90  25:18  Marine x4  
  90  25:19  Marine x3  
  86  25:22  Widow Mine  
  86  25:27  SCV  
  81  25:44  Marine x7  
  81  25:45  Marine x3  
  89  25:50  Drilling Claws  
  89  25:54  Orbital Command  
  89  25:56  Terran Vehicle And Ship Armor Level 1  
  89  26:01  Marine x2  
  89  26:02  Marine x3  
  92  26:06  Missile Turret  
  86  26:12  Missile Turret  
  86  26:13  Missile Turret  
  81  26:27  SCV x2  
  81  26:31  SCV  
  84  26:39  SCV x2  
  86  26:43  SCV  
  87  26:51  Marine x3, SCV  
  87  26:52  Marine x4  
  91  27:15  Marine x2  
  91  27:16  Marine x8  
  91  27:19  Widow Mine  
  99  27:33  Battlecruiser x2  
  111  27:40  Widow Mine  
  85  28:01  Widow Mine  
  74  28:13  Marine  
  74  28:14  Marine x2  
  77  28:20  Orbital Command  
  65  28:47  SCV  
  65  28:58  Orbital Command  
  65  28:59  SCV  
  66  29:11  SCV  
  66  29:16  Missile Turret  
  64  29:18  Missile Turret  
  64  29:19  Missile Turret  
  64  29:20  Missile Turret  
  64  29:21  Missile Turret  
  64  29:23  Missile Turret, SCV  
  65  29:35  SCV  
  66  29:39  Marine x8  
  72  29:47  SCV  
  64  30:00  SCV  
  64  30:02  Command Center  
  65  30:12  Widow Mine  
  53  30:34  Widow Mine  
Show
View Real Time Build Order
Export as new Build Order

Robosushi Terran - Winner!

Build Orders: Liberator Opening 

Get SALT Encoding   

  12  0:00  SCV  
  13  0:12  SCV  
  14  0:20  Supply Depot  
  14  0:24  SCV  
  15  0:30  Refinery  
  15  0:41  SCV  
  16  0:51  Barracks  
  16  0:53  SCV  
  17  1:05  SCV  
  18  1:18  SCV  
  19  1:37  SCV  
  20  1:44  Factory  
  20  1:46  Refinery  
  20  1:50  Orbital Command  
  20  1:55  Supply Depot  
  20  1:57  Barracks Reactor  
  20  2:34  Marine x2, Command Center  
  22  2:51  Starport  
  22  2:55  Bunker  
  22  3:04  SCV  
  23  3:07  Marine x2  
  25  3:20  SCV  
  27  3:41  Liberator  
  30  3:47  Liberator  
  32  3:53  Supply Depot  
  32  3:55  Orbital Command  
  32  3:58  SCV  
  33  4:05  Widow Mine  
  33  4:07  Marine  
  36  4:10  SCV  
  36  4:16  Refinery  
  37  4:22  Engineering Bay  
  37  4:23  SCV  
  38  4:25  Marine  
  39  4:37  Bunker  
  39  4:42  SCV  
  39  4:43  Marine  
  37  5:01  Liberator  
  37  5:06  Orbital Command  
  37  5:13  Widow Mine  
  39  5:20  SCV  
  40  5:32  SCV  
  41  5:48  SCV x2  
  40  6:09  SCV x2  
  36  6:27  Missile Turret  
  36  6:28  Missile Turret x2  
  36  6:38  Command Center  
  36  6:45  Missile Turret  
  36  6:49  Factory Tech Lab  
  36  6:51  Missile Turret  
  36  6:53  Refinery  
  36  6:55  Refinery  
  36  6:56  SCV  
  36  6:58  SCV  
  38  7:04  Command Center  
  38  7:06  Missile Turret  
  38  7:08  SCV  
  38  7:14  SCV  
  40  7:18  Hi-Sec Auto Tracking  
  40  7:20  SCV  
  40  7:22  Siege Tank  
  44  7:26  SCV  
  45  7:33  SCV  
  46  7:39  Refinery  
  47  7:45  SCV  
  46  8:38  Missile Turret  
  46  8:39  Siege Tank  
  46  8:40  Orbital Command  
  49  8:43  SCV  
  49  8:44  Terran Infantry Weapons Level 1  
  50  8:50  SCV, Armory  
  50  8:52  Engineering Bay  
  50  8:55  SCV  
  52  9:02  SCV  
  53  9:07  SCV  
  52  9:19  SCV  
  52  9:22  Refinery, SCV  
  53  9:25  Barracks, Refinery  
  53  9:26  Barracks  
  53  9:28  Barracks  
  53  9:29  Marine  
  54  9:31  SCV  
  53  9:43  SCV  
  54  9:47  Marine  
  55  10:05  Marine  
  56  10:07  Starport Reactor  
  56  10:14  SCV  
  56  10:15  SCV  
  56  10:20  Missile Turret x3, Orbital Command  
  58  10:22  Marine  
  58  10:26  SCV  
  58  10:27  SCV  
  61  10:29  Terran Vehicle Weapons Level 1  
  61  10:30  Ghost Academy  
  61  10:31  Neosteel Armor  
  61  10:32  Ghost Academy  
  61  10:38  SCV  
  61  10:39  SCV, Terran Infantry Armor Level 1  
  61  10:40  Marine  
  64  10:50  SCV  
  64  10:54  Bunker  
  64  10:55  SCV  
  64  10:56  Siege Tank  
  69  11:07  Marine x3  
  69  11:09  Supply Depot  
  72  11:13  SCV  
  72  11:14  Command Center  
  72  11:17  Command Center  
  73  11:21  Personal Cloaking  
  73  11:22  Nuke  
  73  11:23  Fusion Core  
  73  11:24  Marine x3  
  73  11:25  SCV  
  77  11:26  Medivac  
  79  11:35  SCV  
  79  11:37  SCV  
  81  11:42  Marine x3  
  84  11:50  Siege Tank  
  87  12:00  Marine x2  
  89  12:23  Terran Ship Weapons Level 1  
  89  12:49  SCV  
  89  12:50  SCV x2  
  92  13:01  SCV  
  92  13:02  SCV x2  
  95  13:13  SCV  
  95  13:14  SCV x2  
  98  13:25  SCV  
  93  13:46  Missile Turret  
  87  13:54  Marine x2  
  89  14:09  Starport  
  89  14:11  Starport  
  89  14:12  Marine x2  
  89  14:13  Starport  
  89  14:14  Supply Depot  
  89  14:15  Command Center  
  89  14:16  Supply Depot  
  91  14:17  Command Center, Armory  
  91  14:18  SCV x3  
  94  14:26  Marine  
  94  14:29  Marine  
  94  14:30  Marine, SCV x2  
  99  14:34  Liberator  
  99  14:35  Liberator  
  103  14:44  Marine  
  104  14:47  Marine  
  104  14:48  Marine  
  106  14:54  Missile Turret  
  106  14:55  Bunker  
  106  14:56  Missile Turret  
  106  15:02  Marine  
  106  15:05  Marine  
  106  15:06  Marine  
  101  15:17  Missile Turret  
  101  15:20  Marine  
  100  15:23  Marine x2  
  90  15:38  Marine  
  83  15:42  Liberator  
  83  15:43  Liberator  
  86  15:50  SCV  
  86  15:51  SCV x2  
  86  15:56  Missile Turret  
  89  16:02  SCV  
  89  16:03  SCV x2  
  92  16:05  Command Center  
  92  16:17  Bunker, Missile Turret  
  92  16:19  Nuke  
  92  16:24  Starport Tech Lab x3  
  92  16:25  Liberator  
  92  16:26  Terran Ship Weapons Level 2  
  92  16:28  Terran Vehicle Weapons Level 2  
  92  16:30  Command Center  
  92  16:32  Terran Infantry Armor Level 2, Terran Infantry Weapons Level 2  
  95  16:35  Barracks Tech Lab  
  95  16:41  Command Center  
  95  16:43  Missile Turret  
  94  16:55  Orbital Command x2  
  94  17:30  SCV x5  
  99  17:38  Planetary Fortress  
  99  17:42  Missile Turret, SCV x2  
  101  17:45  Battlecruiser x3  
  101  17:47  Ghost  
  101  17:49  Planetary Fortress  
  121  17:52  Missile Turret  
  121  17:58  SCV x4  
  125  18:02  Missile Turret  
  125  18:12  Missile Turret  
  125  18:15  Ghost  
  127  18:23  Missile Turret  
  127  18:25  SCV  
  128  18:29  Liberator x2  
  128  18:34  Missile Turret  
  134  18:35  SCV  
  135  18:43  Missile Turret  
  135  18:47  Refinery  
  135  18:48  SCV  
  135  18:49  Battlecruiser  
  135  18:53  Missile Turret  
  135  18:54  Missile Turret  
  141  18:57  SCV x2  
  141  19:00  SCV  
  145  19:02  SCV  
  145  19:04  Refinery  
  145  19:12  SCV  
  145  19:14  SCV  
  148  19:24  SCV  
  148  19:27  SCV  
  148  19:31  SCV  
  150  19:36  SCV  
  151  19:39  SCV  
  152  19:48  SCV  
  152  19:51  SCV  
  154  20:09  Planetary Fortress  
  154  20:14  Missile Turret  
  154  20:15  Missile Turret  
  154  20:16  Barracks  
  154  20:17  Barracks, Missile Turret  
  154  20:19  Refinery  
  154  20:20  Barracks, Refinery  
  154  20:21  Missile Turret  
  134  21:37  Battlecruiser x2  
  134  21:38  Weapon Refit  
  143  21:40  Terran Ship Weapons Level 3  
  143  21:41  Terran Vehicle And Ship Armor Level 1  
  126  22:22  Orbital Command  
  118  22:42  SCV  
  119  22:54  SCV  
  119  23:06  SCV  
  120  23:19  Command Center  
  120  23:35  Terran Vehicle Weapons Level 3  
  114  24:42  Battlecruiser, Orbital Command  
  114  24:43  Battlecruiser x2  
  132  24:57  Refinery x2  
  132  26:16  Nuke x2  
  132  26:18  Terran Vehicle And Ship Armor Level 2  
  132  26:20  Terran Infantry Armor Level 3, Ghost  
  132  26:22  SCV  
  136  26:32  Orbital Command  
  135  26:50  Marine  
  135  26:51  Marine  
  135  26:52  Marine  
  138  27:08  Marine  
  136  27:09  Marine  
  136  27:10  Marine  
  139  27:26  Marine x2  
  139  27:28  Marine  
  142  27:44  Marine x2  
  140  27:46  Marine  
  140  27:48  SCV  
  140  27:49  SCV x3  
  147  28:00  SCV  
  147  28:01  Marine, SCV x3  
  147  28:02  Marine  
  147  28:04  Marine  
  154  28:15  SCV  
  154  28:31  SCV  
  153  28:38  Orbital Command  
  153  28:48  Fusion Core  
  153  29:15  Missile Turret  
  153  29:16  Barracks x2  
  152  29:17  Missile Turret x2  
  151  29:24  SCV  
  152  29:36  SCV  
  150  29:48  SCV  
  150  29:49  Battlecruiser  
Tags
 
Add a new tag
Caveats
  • Supply blocks, unpowered buildings, or Contaminate may cause inaccurate times.
  • Supply counts are checked every 10 seconds.